MID
WEST MICHIGAN WHITECAPS @ HICKORY CRAWDADS
09/11/2047
 
TOP OF THE 1ST
West Michigan Whitecaps batting - Pitching for Hickory Crawdads : RHP Mario Vizcaya
Pitching: RHP Mario Vizcaya
Batting: SHB Willie Medina 0-0: Ball
1-0: Swinging Strike
1-1: Ground out 5-3 (Groundball, 56S, EV 83.8 MPH)
Batting: LHB Jon Pedlar 0-0: SINGLE (Groundball, 4D, EV 98.1 MPH)
Batting: LHB Dave Carlisle 0-0: Foul Ball, location: 2F
0-1: Foul Ball, location: 2F
0-2: Fly out, F2 (Popup, 25F, EV 85.6 MPH)
Batting: LHB Jamie Christian 0-0: Foul Ball, location: 2F
0-1: Swinging Strike
0-2: Foul Ball, location: 2F
0-2: Ball
1-2: Foul Ball, location: 2F
1-2: Ball
2-2: DOUBLE (Flyball, 78XD, EV 99.4 MPH)
Jon Pedlar to third
Batting: RHB German Quiroga 0-0: Ball
1-0: Ground out 3-1 (Groundball, 34S, EV 71.9 MPH)
Top of the 1st over - 0 runs, 2 hits, 0 errors, 2 left on base; West Michigan 0 - Hickory 0
BOTTOM OF THE 1ST
Hickory Crawdads batting - Pitching for West Michigan Whitecaps : RHP Dan Keener
Pitching: RHP Dan Keener
Batting: RHB Luke Stark 0-0: Ball
1-0: Swinging Strike
1-1: Foul Ball, location: 2F
1-2: Ball
2-2: DOUBLE (Line Drive, 78D, EV 110.6 MPH)
Batting: RHB Matt Sanders 0-0: Ball
1-0: Ball
2-0: Foul Ball, location: 2F
2-1: Called Strike
2-2: Strikes out swinging
Batting: LHB Alfonso Collazo 0-0: Called Strike
Luke Stark steals 3rd base
0-1: Ball
1-1: Ground out 4-3 (Groundball, 4, EV 83.8 MPH)
Luke Stark scores
Batting: LHB Justin Barker 0-0: Ground out 4-3 (Groundball, 34, EV 100.0 MPH)
Bottom of the 1st over - 1 run, 1 hit, 0 errors, 0 left on base; West Michigan 0 - Hickory 1
TOP OF THE 2ND
West Michigan Whitecaps batting - Pitching for Hickory Crawdads : RHP Mario Vizcaya
Batting: RHB Joe Zimmerman 0-0: Foul Ball, location: 2F
0-1: Called Strike
0-2: Foul Ball, location: 2F
0-2: Foul Ball, location: 2F
0-2: Ball
1-2: SINGLE (Groundball, 6D, EV 104.4 MPH)
Batting: LHB Steve Herrera 0-0: Ball
1-0: Fly out, F7 (Line Drive, 7, EV 91.2 MPH)
Batting: RHB Yaremka Rzhevsky 0-0: Ball
Wild Pitch!
Joe Zimmerman to second
1-0: Called Strike
1-1: Swinging Strike
1-2: Strikes out swinging
Batting: RHB Tony Murray 0-0: Ball
1-0: Ball
2-0: Called Strike
2-1: Swinging Strike
2-2: Foul Ball, location: 2F
2-2: Strikes out swinging
Top of the 2nd over - 0 runs, 1 hit, 0 errors, 1 left on base; West Michigan 0 - Hickory 1
BOTTOM OF THE 2ND
Hickory Crawdads batting - Pitching for West Michigan Whitecaps : RHP Dan Keener
Batting: LHB Tim Olsen 0-0: Called Strike
0-1: DOUBLE (Groundball, 5L, EV 103.8 MPH)
Batting: RHB Victor Moya 0-0: Ball
1-0: Ball
2-0: Called Strike
2-1: Called Strike
2-2: SINGLE (Groundball, 6MD, EV 103.8 MPH)
Tim Olsen to third
Batting: RHB Isaiah Yarbrough 0-0: Called Strike
Victor Moya steals 2nd base (no throw)
0-1: Called Strike
0-2: Ball
1-2: Strikes out swinging
Batting: RHB Salvador Caldera 0-0: Ball
1-0: Ball
2-0: Ball
3-0: Called Strike
3-1: Called Strike
3-2: Base on Balls
Batting: RHB Zach Koblinski 0-0: Ball
1-0: Ball
2-0: Called Strike
2-1: Foul Ball, location: 2F
2-2: Ball
3-2: Foul Ball, location: 2F
3-2: Base on Balls
Tim Olsen scores
Victor Moya to third
Salvador Caldera to second
Batting: RHB Luke Stark 0-0: Ball
1-0: Ball
2-0: Ball
3-0: Base on Balls
Victor Moya scores
Salvador Caldera to third
Zach Koblinski to second
Batting: RHB Matt Sanders 0-0: Ball
1-0: Called Strike
1-1: Foul Ball, location: 2F
1-2: Foul Ball, location: 2F
1-2: Ball
2-2: Ball
3-2: Fly out, F8 (Flyball, 8LM, EV 94.4 MPH)
Runner from 3rd tags up, OUT at HOME! 8-2
Bottom of the 2nd over - 2 runs, 2 hits, 0 errors, 2 left on base; West Michigan 0 - Hickory 3
TOP OF THE 3RD
West Michigan Whitecaps batting - Pitching for Hickory Crawdads : RHP Mario Vizcaya
Batting: SHB Willie Medina 0-0: Foul Ball, location: 2F
0-1: Foul Ball, location: 2F
0-2: Ground out 5-3 (Groundball, 56, EV 84.4 MPH)
Batting: LHB Jon Pedlar 0-0: Ball
1-0: Ball
2-0: Ball
3-0: Base on Balls
Batting: LHB Dave Carlisle 0-0: Ball
1-0: Ball
2-0: Ball
3-0: Base on Balls
Jon Pedlar to second
Batting: LHB Jamie Christian 0-0: Ball
1-0: Called Strike
1-1: Foul Ball, location: 2F
1-2: Strikes out swinging
Batting: RHB German Quiroga 0-0: Called Strike
0-1: Called Strike
0-2: Ball
1-2: Foul Ball, location: 2F
1-2: Strikes out swinging
Top of the 3rd over - 0 runs, 0 hits, 0 errors, 2 left on base; West Michigan 0 - Hickory 3
BOTTOM OF THE 3RD
Hickory Crawdads batting - Pitching for West Michigan Whitecaps : RHP Dan Keener
Batting: LHB Alfonso Collazo 0-0: Ball
1-0: Ball
2-0: Fly out, F7 (Flyball, 7, EV 74.4 MPH)
Batting: LHB Justin Barker 0-0: Foul Ball, location: 2F
0-1: Ball
1-1: Ground out 5-3 (Groundball, 6, EV 75.6 MPH)
Batting: LHB Tim Olsen 0-0: Ball
1-0: Ball
2-0: Foul Ball, location: 2F
2-1: Ball
3-1: SOLO HOME RUN (Flyball, 9D, EV 98.8 MPH), Distance : 382 ft
Batting: RHB Victor Moya 0-0: Called Strike
0-1: Called Strike
0-2: Foul Ball, location: 2F
0-2: Ball
1-2: Foul Ball, location: 2F
1-2: Strikes out looking
Bottom of the 3rd over - 1 run, 1 hit, 0 errors, 0 left on base; West Michigan 0 - Hickory 4
TOP OF THE 4TH
West Michigan Whitecaps batting - Pitching for Hickory Crawdads : RHP Mario Vizcaya
Batting: RHB Joe Zimmerman 0-0: Ball
1-0: Foul Ball, location: 2F
1-1: SOLO HOME RUN (Flyball, 89XD, EV 115.0 MPH), Distance : 437 ft
Batting: LHB Steve Herrera 0-0: Called Strike
0-1: Foul Ball, location: 2F
0-2: Ball
1-2: Ground out 1-3 (Groundball, 13S, EV 67.5 MPH)
Batting: RHB Yaremka Rzhevsky 0-0: Ball
1-0: Fly out, F8 (Line Drive, 8LM, EV 91.2 MPH)
Batting: RHB Tony Murray 0-0: Ball
1-0: SINGLE (Flyball, 3D, EV 94.4 MPH)
Batting: SHB Willie Medina 0-0: Called Strike
0-1: Called Strike
0-2: Ball
1-2: Ball
2-2: Strikes out looking
Top of the 4th over - 1 run, 2 hits, 0 errors, 1 left on base; West Michigan 1 - Hickory 4
BOTTOM OF THE 4TH
Hickory Crawdads batting - Pitching for West Michigan Whitecaps : RHP Dan Keener
Batting: RHB Isaiah Yarbrough 0-0: Fly out, F9 (Flyball, 9, EV 92.5 MPH)
Batting: RHB Salvador Caldera 0-0: Ground out U3 (Groundball, 34, EV 84.4 MPH)
Batting: RHB Zach Koblinski 0-0: Ball
1-0: Called Strike
1-1: Foul Ball, location: 2F
1-2: Foul Ball, location: 2F
1-2: Reached on error, E6 (Groundball, 56, EV 77.5 MPH)
Batting: RHB Luke Stark 0-0: Called Strike
Zach Koblinski steals 2nd base
0-1: 2-RUN HOME RUN (Flyball, 89XD, EV 109.4 MPH), Distance : 434 ft
Pitching: LHP Chris Thomas
Batting: RHB Matt Sanders 0-0: Ball
1-0: Swinging Strike
1-1: Foul Ball, location: 2F
1-2: Strikes out swinging
Bottom of the 4th over - 2 runs, 1 hit, 1 error, 0 left on base; West Michigan 1 - Hickory 6
TOP OF THE 5TH
West Michigan Whitecaps batting - Pitching for Hickory Crawdads : RHP Mario Vizcaya
Batting: LHB Jon Pedlar 0-0: SOLO HOME RUN (Flyball, 9LD, EV 95.0 MPH), Distance : 349 ft
Batting: LHB Dave Carlisle 0-0: Ball
1-0: Ball
2-0: Swinging Strike
2-1: Foul Ball, location: 2F
2-2: Foul Ball, location: 2F
2-2: Strikes out looking
Batting: LHB Jamie Christian 0-0: Fly out, F8 (Flyball, 8LS, EV 95.0 MPH)
Batting: RHB German Quiroga 0-0: Swinging Strike
0-1: Ball
1-1: Ball
2-1: Foul Ball, location: 2F
2-2: Strikes out looking
Top of the 5th over - 1 run, 1 hit, 0 errors, 0 left on base; West Michigan 2 - Hickory 6
BOTTOM OF THE 5TH
Hickory Crawdads batting - Pitching for West Michigan Whitecaps : LHP Chris Thomas
Batting: LHB Alfonso Collazo 0-0: Ball
1-0: Foul Ball, location: 2F
1-1: Ball
2-1: Called Strike
2-2: Foul Ball, location: 2F
2-2: Ball
3-2: Fly out, F7 (Flyball, 7, EV 83.8 MPH)
Batting: LHB Justin Barker 0-0: Ball
1-0: Ball
2-0: Fly out, F8 (Line Drive, 8RM, EV 94.4 MPH)
Batting: LHB Tim Olsen 0-0: Ground out 6-3 (Groundball, 4M, EV 95.0 MPH)
Bottom of the 5th over - 0 runs, 0 hits, 0 errors, 0 left on base; West Michigan 2 - Hickory 6
TOP OF THE 6TH
West Michigan Whitecaps batting - Pitching for Hickory Crawdads : RHP Mario Vizcaya
Batting: RHB Joe Zimmerman 0-0: Ball
1-0: Called Strike
1-1: Foul Ball, location: 2F
1-2: Foul Ball, location: 2F
1-2: Ball
2-2: Ball
3-2: Foul Ball, location: 2F
3-2: Strikes out swinging
Batting: LHB Steve Herrera 0-0: Ball
1-0: Ball
2-0: Called Strike
2-1: Foul Ball, location: 2F
2-2: Strikes out swinging
Batting: RHB Yaremka Rzhevsky 0-0: Swinging Strike
0-1: Ball
1-1: Reached on error, E5 (Groundball, 56, EV 78.8 MPH)
Batting: RHB Tony Murray 0-0: Ball
1-0: Ball
2-0: Swinging Strike
2-1: Ball
3-1: Ground out 4-3 (Groundball, 13, EV 86.2 MPH)
Top of the 6th over - 0 runs, 0 hits, 1 error, 1 left on base; West Michigan 2 - Hickory 6
BOTTOM OF THE 6TH
Hickory Crawdads batting - Pitching for West Michigan Whitecaps : LHP Chris Thomas
Batting: RHB Victor Moya 0-0: Called Strike
0-1: Called Strike
0-2: Strikes out swinging
Batting: RHB Isaiah Yarbrough 0-0: Called Strike
0-1: Ball
1-1: Foul Ball, location: 2F
1-2: SINGLE (Line Drive, 56D, EV 105.0 MPH)
Batting: RHB Salvador Caldera 0-0: Called Strike
0-1: Ball
1-1: Ball
2-1: Fly out, F4 (Popup, 4M, EV 65.6 MPH)
Batting: RHB Zach Koblinski 0-0: Called Strike
Isaiah Yarbrough is caught stealing 2nd base 2-4
Bottom of the 6th over - 0 runs, 1 hit, 0 errors, 0 left on base; West Michigan 2 - Hickory 6
TOP OF THE 7TH
West Michigan Whitecaps batting - Pitching for Hickory Crawdads : RHP Mario Vizcaya
Batting: SHB Willie Medina 0-0: Ball
1-0: Called Strike
1-1: Hit by Pitch
Pitching: LHP Josh Ramirez
Batting: LHB Jon Pedlar 0-0: Called Strike
0-1: Grounds into double play, 1-6-3 (Groundball, 13S, EV 68.1 MPH)
Batting: LHB Dave Carlisle 0-0: Called Strike
0-1: Ball
1-1: Ball
2-1: Ball
3-1: Foul Ball, location: 2F
3-2: Foul Ball, location: 2F
3-2: Strikes out swinging
Top of the 7th over - 0 runs, 0 hits, 0 errors, 0 left on base; West Michigan 2 - Hickory 6
BOTTOM OF THE 7TH
Hickory Crawdads batting - Pitching for West Michigan Whitecaps : LHP Chris Thomas
Pitching: RHP Matt Sturge
Batting: RHB Zach Koblinski 0-0: Called Strike
0-1: SINGLE (Flyball, 4D, EV 93.8 MPH)
Batting: RHB Luke Stark 0-0: Bunted foul
0-1: Sac Bunt to 5S - play at first, batter OUT! 5-3
Zach Koblinski to second
Batting: RHB Matt Sanders 0-0: Ball
1-0: Ball
Zach Koblinski is caught stealing 3rd base 2-5
2-0: Ground out 5-3 (Groundball, 56S, EV 74.4 MPH)
Bottom of the 7th over - 0 runs, 1 hit, 0 errors, 0 left on base; West Michigan 2 - Hickory 6
TOP OF THE 8TH
West Michigan Whitecaps batting - Pitching for Hickory Crawdads : LHP Josh Ramirez
Batting: LHB Jamie Christian 0-0: Ball
1-0: Ball
2-0: Called Strike
2-1: Ball
3-1: Base on Balls
Batting: RHB German Quiroga 0-0: Swinging Strike
0-1: Ground out U3 (Groundball, 3S, EV 73.8 MPH)
Jamie Christian to second
Batting: RHB Joe Zimmerman 0-0: Ball
1-0: Ball
2-0: Fly out, F9 (Flyball, 9D, EV 83.1 MPH)
Pinch Hitting: RHB Jon Goldstein 0-0: Fly out, F9 (Flyball, 89M, EV 84.4 MPH)
Top of the 8th over - 0 runs, 0 hits, 0 errors, 1 left on base; West Michigan 2 - Hickory 6
BOTTOM OF THE 8TH
Hickory Crawdads batting - Pitching for West Michigan Whitecaps : RHP Matt Sturge
Now in RF: Jon Goldstein
Batting: LHB Alfonso Collazo 0-0: Called Strike
0-1: Ball
1-1: DOUBLE (Flyball, 8RXD, EV 93.8 MPH)
Batting: LHB Justin Barker 0-0: Ball
1-0: Foul Ball, location: 2F
1-1: Foul Ball, location: 2F
1-2: Foul Ball, location: 2F
1-2: Foul Ball, location: 2F
1-2: Ball
2-2: Ground out 4-3 (Groundball, 4, EV 81.9 MPH)
Alfonso Collazo to third
Batting: LHB Tim Olsen 0-0: Ball
1-0: Ball
2-0: Swinging Strike
2-1: Foul Ball, location: 2F
2-2: Strikes out swinging, 2-3 out at first.
Batting: RHB Victor Moya 0-0: Fly out, F8 (Flyball, 8LM, EV 83.1 MPH)
Bottom of the 8th over - 0 runs, 1 hit, 0 errors, 1 left on base; West Michigan 2 - Hickory 6
TOP OF THE 9TH
West Michigan Whitecaps batting - Pitching for Hickory Crawdads : LHP Josh Ramirez
Batting: RHB Yaremka Rzhevsky 0-0: Foul Ball, location: 2F
0-1: Ground out 4-3 (Groundball, 4M, EV 79.4 MPH)
Batting: RHB Tony Murray 0-0: Called Strike
0-1: Foul Ball, location: 2F
0-2: Strikes out swinging
Batting: SHB Willie Medina 0-0: Called Strike
0-1: Foul Ball, location: 2F
0-2: Ball
1-2: Ball
2-2: Strikes out swinging
Top of the 9th over - 0 runs, 0 hits, 0 errors, 0 left on base; West Michigan 2 - Hickory 6
Thursday, December 15th , 2022 - OOTP Baseball 23.9 Build 102